 Dungeon Crawl Stone Soup version 0.17-a0-1900-g45e8110 (webtiles) character file.

755 Ijustatesigmund the Slinger (level 8, 0/49 HPs)
             Began as a Halfling Hunter on Sept 24, 2015.
             Slain by an orc
             ... wielding a +0 hand axe
              (6 damage)
             ... on level 4 of the Dungeon.
             The game lasted 00:17:20 (5620 turns).

Ijustatesigmund the Slinger (Halfling Hunter)       Turns: 5620, Time: 00:17:20

Health: 0/49       AC:  4    Str:  9 (12) XL:     8   Next: 7%
Magic:  8/8        EV: 14    Int: 10      God:
Gold:   192        SH:  0    Dex: 17      Spells: 0 memorised, 7 levels left

rFire  . . .     SeeInvis .     n - -1 short sword (curse)
rCold  . . .     Clarity  .     d - +0 leather armour
rNeg   . . .     SustAt   .     (shield restricted)
rPois  .         Gourm    .     (no helmet)
rElec  .         Spirit   .     (no cloak)
rCorr  .         Warding  .     s - +0 pair of gloves
rMut   +         Stasis   .     (no boots)
MR     +....                    o - amulet of resist mutation
Stlth  +++.......               (no ring)
                                h - ring of protection from magic

@: somewhat resistant to hostile enchantments, fairly stealthy
A: mutation resistance 1
a: no special abilities


You were on level 4 of the Dungeon.
You were not hungry.

You visited 1 branch of the dungeon, and saw 4 of its levels.
You also visited: Sewer.

You collected 192 gold pieces.

Inventory:

Hand weapons
 a - a +1 hunting sling
 c - a +0 short sword
 n - a cursed -1 short sword (weapon)
Missiles
 b - 74 stones (quivered)
 k - a throwing net
Armour
 d - a +0 leather armour (worn)
 p - a +0 helmet
 s - a +0 pair of gloves (worn)
 v - a cursed +0 shield
Jewellery
 h - a ring of protection from magic (left hand)
 o - an amulet of resist mutation (around neck)
 r - an uncursed ring of magical power {unknown}
Scrolls
 i - a scroll of amnesia
Potions
 f - 2 potions of flight
 g - a potion of resistance
 l - a potion of lignification {unknown}
 m - a potion of haste {unknown}
 u - a potion of magic {unknown}
 z - a potion of mutation {unknown}
Comestibles
 e - 3 bread rations
 j - 10 fruits
 q - 2 meat rations


   Skills:
 - Level 1.7 Fighting
 + Level 5.4 Short Blades
 + Level 9.6 Slings
 - Level 2.1 Dodging
 + Level 5.6 Stealth


You had 7 spell levels left.
You didn't know any spells.

Dungeon Overview and Level Annotations

Branches:
Dungeon (4/15)
 Temple: D:4-7

Altars:
Cheibriados
Makhleb
Yredelemnul

Annotations:
D:4 Duvessa


Innate Abilities, Weirdness & Mutations

You are small and have problems with some larger weapons.
You are somewhat resistant to further mutation.


Message History

* * * LOW HITPOINT WARNING * * *
The orc barely misses you.
Drink which item? (? for menu, Esc to quit)
It was a potion of degeneration.
There was something very wrong with that liquid.
You feel weakened. The orc closely misses you. The orc barely misses you.
The orc barely misses you.
You hit the orc.
The orc is almost dead.
The orc closely misses you. The orc hits you but does no damage.
You hit the orc but do no damage.
The orc is almost dead.
The orc hits you but does no damage. The orc misses you.
You hit the orc.
You kill the orc!
The orc hits you with a club.
* * * LOW HITPOINT WARNING * * *
You closely miss the orc. The orc hits you with a hand axe.
You die...

................##.
#..............##.
##..............##.
#...............##.
#...............###
#...###.........#
#...# #.........#
######..†######......#
#......@o....##......#
#......)o....##......#
#............##......#
#............##......#
#............##......#
#............##......#
#............##......#
###..........##......#
#......#


You could see 2 orcs.

Vanquished Creatures
  The ghost of Zebura the Conjurer, an average TeFE (Sewer)
  A giant frog (Sewer)
  Dowan (D:4)
  An orc priest (D:3)
  An orc wizard (D:4)
  3 worker ants (D:4)
  Jessica (D:2)
  Natasha (D:2)
  A hound skeleton (D:3)
  Robin (D:2)
  10 adders
  14 oozes (Sewer)
  An adder zombie (D:3)
  4 worms
  14 giant geckos
  12 orcs
  7 ball pythons
  9 bats
  16 giant cockroaches
  11 hobgoblins
  3 jackals (D:1)
  8 kobolds
  A quokka (D:2)
  A ball python zombie (D:3)
  A giant cockroach zombie (D:3)
  A giant gecko skeleton (D:3)
  13 giant newts
  13 goblins
  10 rats
  A plant (D:1)
162 creatures vanquished.

Notes
Turn   | Place    | Note
--------------------------------------------------------------
     0 | D:1      | Ijustatesigmund the Halfling Hunter began the quest for the Orb.
     0 | D:1      | Reached XP level 1. HP: 14/14 MP: 1/1
    47 | D:1      | Reached skill level 6 in Slings
    95 | D:1      | Found a snail-covered altar of Cheibriados.
   125 | D:1      | Reached XP level 2. HP: 19/19 MP: 2/2
   498 | D:1      | Reached XP level 3. HP: 24/24 MP: 3/3
  1164 | D:2      | Noticed Natasha
  1311 | D:2      | Reached skill level 7 in Slings
  1329 | D:2      | Reached XP level 4. HP: 10/29 MP: 4/4
  1698 | D:2      | Found a basalt altar of Yredelemnul.
  1750 | D:2      | Noticed Robin
  1766 | D:2      | Killed Robin
  2280 | D:2      | Killed Natasha
  2280 | D:2      | Reached skill level 1 in Short Blades
  2280 | D:2      | Reached XP level 5. HP: 21/34 MP: 5/5
  2439 | D:2      | Noticed Jessica
  2442 | D:2      | Killed Jessica
  2843 | D:3      | Found a glowing drain.
  2924 | Sewer    | Entered a sewer
  2930 | Sewer    | Reached skill level 8 in Slings
  2950 | Sewer    | Reached XP level 6. HP: 39/39 MP: 6/6
  3266 | Sewer    | Noticed Zebura's ghost (average TeFE)
  3287 | Sewer    | Killed Zebura's ghost
  3579 | Sewer    | Reached XP level 7. HP: 44/44 MP: 7/7
  3799 | Sewer    | Reached skill level 9 in Slings
  3911 | D:3      | Reached skill level 5 in Stealth
  4631 | D:3      | Found a burning altar of Makhleb.
  5053 | D:4      | Reached skill level 5 in Short Blades
  5523 | D:4      | Noticed Duvessa
  5526 | D:4      | Noticed Dowan
  5527 | D:4      | Killed Dowan
  5527 | D:4      | Reached XP level 8. HP: 49/49 MP: 8/8
  5620 | D:4      | Slain by an orc

Vault maps used:
D:1:      ncdulo_watergridlock, corner_web_ring, serial_bayou_ford_a,
          roderic_three_in_a_row, serial_bayou_pond_c, cheibriados_altar_1
D:2:      lemuel_crystal_altar, serial_forest, infiniplex_forest_lined_room_2,
          infiniplex_forest_diagonal, infiniplex_forest_straight_1,
          infiniplex_forest_lined_2, infiniplex_forest_clump_long,
          infiniplex_forest_end_3, uniq_jessica, uniq_robin, uniq_natasha
D:3:      kennysheep_the_goblin_king, lemuel_doored_altar,
          gup_sewer_entry_glass, serial_undead, serial_undead_e,
          serial_undead_b, serial_undead_a, serial_undead_b, serial_undead_c,
          serial_undead_b, serial_undead_b, serial_undead_b,
          guppyfry_early_orc_mine
D:4:      uniq_grinder, uniq_duvessa
Sewer:    sewer_frog_island_02

Action                   |  1- 3 |  4- 6 |  7- 9 || total
-------------------------+-------+-------+-------++-------
Melee: Short sword       |   238 |     2 |   171 ||   411
       Hunting sling     |     1 |     3 |       ||     4
 Fire: Hunting sling     |   123 |   257 |   140 ||   520
  Use: Scroll            |     4 |     6 |     3 ||    13
       Potion            |       |     3 |     2 ||     5
 Stab: Sleeping          |       |       |     7 ||     7
       Distracted        |       |       |     2 ||     2
  Eat: Fruit             |     3 |       |     1 ||     4
       Chunk             |       |     6 |     6 ||    12
